 Dungeon Crawl Stone Soup version 0.17-a0-1554-g3b847ca (webtiles) character file.

65950 Lathuz the Warrior (level 14, -9/137 HPs)
             Began as a Minotaur Fighter on July 19, 2015.
             Was the Champion of Okawaru.
             Killed by divine providence
             ... invoked by a smoke demon
             ... summoned by an orc high priest
              (13 damage)
             ... on level 4 of the Orcish Mines.
             The game lasted 01:20:22 (27398 turns).

Lathuz the Warrior (Minotaur Fighter)              Turns: 27398, Time: 01:20:22

Health: -9/137     AC: 38    Str: 22    XL:     14   Next: 77%
Magic:  13/13      EV: 10    Int: 13    God:    Okawaru [******]
Gold:   1578       SH: 15    Dex: 16    Spells: 0 memorised, 13 levels left

rFire  . . .     SeeInvis .     Z - +1 eveningstar (flame)
rCold  . . .     Clarity  +     C - +8 orange crystal plate armour {Archmagi, Int+3 Clar SustAt}
rNeg   . . .     SustAt   +     c - +1 shield
rPois  +         Gourm    .     (helmet restricted)
rElec  .         Spirit   .     z - +0 cloak
rCorr  +         Warding  .     V - +2 pair of gloves
rMut   .         Stasis   .     b - +1 pair of boots "Xoakunoe" {*Contam rCorr Int+5}
MR     +....                    (no amulet)
Stlth  ..........               L - +2 ring of dexterity
                                I - ring of poison resistance

@: silence, somewhat resistant to hostile enchantments, extremely unstealthy
A: retaliatory headbutt, horns 2
a: Renounce Religion


You were on level 4 of the Orcish Mines.
You worshipped Okawaru.
Okawaru was exalted by your worship.
You were not hungry.

You visited 4 branches of the dungeon, and saw 24 of its levels.

You collected 2015 gold pieces.
You spent 437 gold pieces at shops.

Inventory:

Hand weapons
 Z - a +1 eveningstar of flaming (weapon)
Missiles
 j - 574 stones (quivered)
Armour
 b - the +1 pair of boots "Xoakunoe" (worn) {*Contam rCorr Int+5}
   (Okawaru gifted it to you on level 4 of the Lair of Beasts)

   It affects your intelligence (+5).
   It causes magical contamination when unequipped.
   It protects you from acid and corrosion.
 c - a +1 shield (worn)
 t - a +3 ring mail of cold resistance
 z - a +0 cloak (worn)
 C - the +8 orange crystal plate armour (worn) {Archmagi, Int+3 Clar SustAt}
   (You found it on level 5 of the Dungeon)

   It affects your intelligence (+3).
   It sustains your strength, intelligence and dexterity.
   It protects you against confusion.
 N - a +3 plate armour
 V - a +2 pair of gloves (worn)
Jewellery
 n - an uncursed ring of ice
 y - an uncursed amulet of regeneration
 I - a ring of poison resistance (left hand)
 L - a +2 ring of dexterity (right hand)
Magical devices
 i - a wand of invisibility (5)
 l - a wand of disintegration (11)
 q - a wand of slowing (27)
 s - a wand of digging (16)
 u - a wand of draining (5)
 v - a wand of fire (6)
 H - a wand of teleportation (8)
 P - a wand of paralysis (13)
 Q - a wand of draining (5)
 T - a wand of slowing (30)
 W - a wand of enslavement (6)
 X - a wand of magic darts (14)
Scrolls
 h - 6 scrolls of remove curse
 k - 3 scrolls of recharging
 o - 2 scrolls of fog
 E - 7 scrolls of enchant armour
 K - a scroll of enchant weapon
 R - a scroll of silence
 U - a scroll of holy word
Potions
 a - a potion of cancellation {unknown}
 d - 4 potions of might
 g - 2 potions of resistance
 m - 3 potions of curing
 p - a potion of haste
 w - a potion of cure mutation {unknown}
 A - 6 potions of brilliance
 B - 3 potions of lignification
 F - 2 potions of agility
 J - 2 potions of berserk rage
Books
 O - a book of Hinderance

   Spells                             Type                      Level
   a - Confusing Touch                Hexes                        2
   b - Confuse                        Hexes                        3
   c - Gell's Gravitas                Hexes/Translocation          3
   d - Petrify                        Transmutation/Earth          4
   e - Metabolic Englaciation         Hexes/Ice                    5
Comestibles
 e - 6 bread rations
 f - 11 meat rations
 r - 2 beef jerkies
 x - a royal jelly
 G - a slice of pizza
 M - 35 fruits


   Skills:
 - Level 16.1 Fighting
 - Level 12.0 Maces & Flails
 + Level 13.8 Armour
 + Level 11.4 Dodging
 - Level 15.4 Shields


You had 13 spell levels left.
You didn't know any spells.

Dungeon Overview and Level Annotations

Branches:
Dungeon (11/15)            Temple (1/1) D:4            Lair (8/8) D:11
 Shoals (0/4) Lair:5       Spider (0/4) Lair:3        Slime (0/6) Lair:8
    Orc (4/4) D:9             Elf (0/3) Orc:4

Altars:
Ashenzari
Cheibriados
Dithmenos
Elyvilon
Fedhas
Gozag
Kikubaaqudgha
Makhleb
Nemelex Xobeh
Okawaru
Qazlal
Ru
Sif Muna
Trog
Vehumet
Xom
Yredelemnul
Zin
The Shining One
Beogh

Shops:
D:9 *   D:11 *   Orc:1 [

Portals:
Hell: Lair:8


Innate Abilities, Weirdness & Mutations

You reflexively headbutt those who attack you in melee.
You have a pair of horns on your head.


Message History

The smoke demon hits you but does no damage. x3
You block the sun demon's attack.
You hit the orc high priest. You burn the orc high priest.
Your headbutt misses the orc high priest.
The orc high priest is lightly wounded.
The orc high priest barely misses you. The smoke demon barely misses you.
You furiously retaliate!
You headbutt the smoke demon, but do no damage.
The smoke demon hits you but does no damage. x2
The sun demon barely misses you.
You puncture the orc high priest! You burn the orc high priest.
The orc high priest is heavily wounded.
The orc high priest hits you but does no damage.
The sun demon hits you!
* * * LOW HITPOINT WARNING * * *
You are engulfed in flames!
* * * LOW HITPOINT WARNING * * *
The smoke demon gestures at you. Something smites you!
You die...

#.#........#.....#..#..##....#
#..........##.................
#............##.#.......)......
..#.#......o.......#....)......
# ####.............#.>.))......
##.....)...........).$......
#........##.##.....)........
##.#...).))...3.)[()).......
###..##'##..@3)##))).#.....
#.##...##))o.###....#....
#.#.....#)))## #.........
#.#.....#).## #.......<
#.#.._..#).# #........
#.##...##.## .........
#..#####..# '###.....
#.........# #####...###


You could see an orc high priest, a sun demon, a smoke demon and an orc.

Vanquished Creatures
  Rupert (Orc:3)
  Nessos (Lair:5)
  Snorg (Lair:5)
  6 hydras
  A hell beast (Lair:8)
  5 death yaks
  2 orc high priests
  Nergalle (Lair:1)
  A hill giant (D:10)
  Pikel (D:9)
  An orc knight (Orc:4)
  A wolf spider (Lair:3)
  A griffon (Lair:4)
  A wizard (Lair:8)
  A manticore (D:11)
  10 elephants (Lair:8)
  Joseph (D:7)
  7 black mambas
  3 orange demons (Lair:8)
  A gargoyle (D:10)
  A torpor snail (Lair:4)
  22 spiny frogs
  7 komodo dragons
  6 fire drakes
  3 red devils (Lair:8)
  2 blue devils (Lair:8)
  A hellwing (Lair:8)
  3 two-headed ogres
  5 polar bears
  3 trolls
  A jumping spider (Lair:3)
  3 boulder beetles
  A snapping turtle (Lair:5)
  20 blink frogs
  2 redbacks (Lair:3)
  47 yaks
  6 wyverns (Lair:6)
  A basilisk (Lair:7)
  10 hippogriffs
  2 hungry ghosts (D:7)
  Menkaure (D:6)
  13 wolves
  2 hell hounds (Lair:8)
  2 black bears
  12 water moccasins
  3 ice beasts
  A slave (D:9)
  10 porcupines
  15 orc warriors
  4 sky beasts
  11 ogres
  A necrophage (D:10)
  5 centaurs
  19 crocodiles
  16 giant frogs
  A wasp (D:11)
  A scorpion (D:10)
  3 killer bees (D:10)
  A quasit (D:7)
  7 crimson imps
  A giant frog zombie (D:11)
  4 jellies
  4 wights (D:11)
  3 electric eels
  The ghost of Lathuz the Sneak, a weakling SpEn (D:3)
  3 centaur skeletons
  Ijyb (D:2)
  13 iguanas
  25 orc wizards
  A gnoll shaman (D:7)
  14 orc priests
  5 worker ants
  15 sheep
  A hound zombie (D:5)
  A worker ant zombie (D:10)
  13 adders
  7 gnolls
  93 river rats
  A shadow imp (D:10)
  An ooze (D:5)
  An adder zombie (D:1)
  A worm (D:2)
  3 giant geckos
  137 orcs
  18 bats
  A bat skeleton (D:8)
  A bat zombie (D:1)
  5 giant cockroaches
  14 goblins
  18 hobgoblins
  2 giant gecko skeletons
  6 giant newts
  5 jackals
  12 kobolds
  8 quokkas
  18 rats
  A butterfly (Lair:4)
779 creatures vanquished.

Vanquished Creatures (others)
  A bat (D:5)
  35 fungi
  20 plants
56 creatures vanquished.

Grand Total: 835 creatures vanquished

Notes
Turn   | Place    | Note
--------------------------------------------------------------
     0 | D:1      | Lathuz the Minotaur Fighter began the quest for the Orb.
     0 | D:1      | Reached XP level 1. HP: 19/19 MP: 0/0
   176 | D:1      | Reached XP level 2. HP: 21/26 MP: 1/1
  1060 | D:2      | Reached skill level 4 in Maces & Flails
  1062 | D:2      | Found a burning altar of Makhleb.
  1253 | D:2      | Reached XP level 3. HP: 29/31 MP: 2/2
  1286 | D:2      | Found a snail-covered altar of Cheibriados.
  1364 | D:2      | Noticed Ijyb
  1369 | D:2      | Killed Ijyb
  1369 | D:2      | Reached skill level 5 in Maces & Flails
  1587 | D:2      | Reached XP level 4. HP: 39/39 MP: 3/3
  1999 | D:2      | Reached skill level 6 in Maces & Flails
  2075 | D:3      | Noticed Lathuz's ghost (weakling SpEn)
  2097 | D:3      | Killed Lathuz's ghost
  2097 | D:3      | Reached XP level 5. HP: 15/45 MP: 4/4
  2364 | D:3      | Found a glowing golden altar of the Shining One.
  2572 | D:3      | Found a shimmering altar of Xom.
  2903 | D:3      | Reached skill level 7 in Maces & Flails
  3307 | D:4      | Reached XP level 6. HP: 39/51 MP: 5/5
  3541 | D:4      | Noticed an ogre
  3553 | D:4      | Killed an ogre
  3553 | D:4      | Reached skill level 8 in Maces & Flails
  3809 | D:5      | Entered Level 5 of the Dungeon
  4368 | D:5      | Found a glowing silver altar of Zin.
  4513 | D:5      | Reached XP level 7. HP: 56/60 MP: 6/6
  4564 | D:4      | Found a staircase to the Ecumenical Temple.
  4599 | Temple   | Entered the Ecumenical Temple
  4968 | D:4      | Reached skill level 5 in Shields
  5267 | D:4      | Reached skill level 5 in Fighting
  6393 | D:5      | Reached XP level 8. HP: 70/70 MP: 7/7
  6632 | D:6      | Reached skill level 9 in Maces & Flails
  6994 | D:6      | Reached skill level 10 in Maces & Flails
  7312 | D:6      | Found a stormy altar of Qazlal.
  7312 | D:6      | Found an iron altar of Okawaru.
  7315 | D:6      | Became a worshipper of Warmaster Okawaru
  7426 | D:6      | Noticed Menkaure
  7443 | D:6      | Killed Menkaure
  7552 | D:6      | Reached skill level 11 in Maces & Flails
  8117 | D:7      | Acquired Okawaru's first power
  8130 | D:7      | Reached skill level 12 in Maces & Flails
  8130 | D:7      | Reached XP level 9. HP: 68/75 MP: 8/8
  8492 | D:7      | Found a sacrificial altar of Ru.
  8507 | D:7      | Reached skill level 5 in Armour
  8535 | D:7      | Noticed Joseph
  8554 | D:7      | Killed Joseph
 10139 | D:9      | Found a staircase to the Orcish Mines.
 10174 | D:9      | Reached XP level 10. HP: 80/88 MP: 9/9
 10954 | D:9      | Found Geath's General Store.
 10990 | D:9      | Noticed Pikel
 11009 | D:9      | Killed Pikel
 11334 | D:10     | Entered Level 10 of the Dungeon
 11410 | D:9      | Reached skill level 10 in Armour
 11692 | D:10     | Noticed a hill giant
 11703 | D:10     | Killed a hill giant
 12195 | D:10     | Reached XP level 11. HP: 97/97 MP: 10/10
 12536 | D:11     | Found a staircase to the Lair.
 12542 | D:11     | Reached skill level 10 in Fighting
 12634 | D:11     | Reached skill level 10 in Shields
 12742 | D:11     | Found Necuwone's Assorted Antiques.
 12819 | D:11     | Noticed a seven-headed hydra
 12835 | D:11     | Killed a seven-headed hydra
 13046 | D:11     | Acquired Okawaru's second power
 13428 | Lair:1   | Entered Level 1 of the Lair of Beasts
 13840 | Lair:1   | Noticed Nergalle
 14638 | Lair:1   | Noticed a spectral orc warlord
 14644 | Lair:1   | Killed Nergalle
 15061 | Lair:2   | Received a gift from Okawaru
 15061 | Lair:2   | Reached skill level 13 in Fighting
 15078 | Lair:3   | Reached XP level 12. HP: 84/115 MP: 8/11
 16298 | Lair:3   | Reached skill level 14 in Fighting
 16506 | Lair:3   | Received a gift from Okawaru
 16507 | Lair:3   | Got a shimmering greatsling {god gift}
 16921 | Lair:3   | Found a hole to the Spider Nest.
 17710 | Lair:4   | Reached skill level 15 in Fighting
 17982 | Lair:4   | Received a gift from Okawaru
 17985 | Lair:4   | Got a pair of slimy boots {god gift}
 17991 | Lair:4   | Identified the +1 pair of boots "Xoakunoe" {*Contam rCorr Int+5} (Okawaru gifted it to you on level 4 of the Lair of Beasts)
 18186 | Lair:4   | Noticed a seven-headed hydra
 18197 | Lair:4   | Killed a seven-headed hydra
 18566 | Lair:4   | Reached skill level 16 in Fighting
 18790 | Lair:5   | Noticed Snorg
 18804 | Lair:5   | Killed Snorg
 18804 | Lair:5   | Reached XP level 13. HP: 92/128 MP: 12/12
 19003 | Lair:5   | Found a staircase to the Shoals.
 19060 | Lair:5   | Reached skill level 1 in Dodging
 19271 | Lair:5   | Noticed Nessos
 19514 | Lair:5   | Killed Nessos
 21165 | Lair:6   | Reached skill level 5 in Dodging
 22574 | Lair:7   | Received a gift from Okawaru
 23192 | Lair:7   | Reached skill level 15 in Shields
 23361 | Lair:8   | Entered Level 8 of the Lair of Beasts
 23388 | Lair:8   | Found a glowing silver altar of Zin.
 23605 | Lair:8   | Found a burning altar of Makhleb.
 23645 | Lair:8   | Reached XP level 14. HP: 95/137 MP: 13/13
 23825 | Lair:8   | Found a gateway to Hell.
 23830 | Lair:8   | Received a gift from Okawaru
 24016 | Lair:8   | Found a staircase to the Slime Pits.
 24430 | Lair:8   | Reached skill level 10 in Dodging
 25310 | Orc:1    | Entered Level 1 of the Orcish Mines
 25311 | Orc:1    | Found Dic Teso's Antique Armour Boutique.
 25326 | Orc:1    | Bought a runed plate armour for 437 gold pieces
 26015 | Orc:3    | Received a gift from Okawaru
 26529 | Orc:3    | Noticed Rupert
 26554 | Orc:3    | Killed Rupert
 27005 | Orc:4    | Entered Level 4 of the Orcish Mines
 27230 | Orc:4    | Found a staircase to the Elven Halls.
 27307 | Orc:4    | Found a roughly hewn altar of Beogh.
 27398 | Orc:4    | HP: 4/137 [sun demon[an orc high priest] (10)]
 27398 | Orc:4    | Killed from afar by a smoke demon

Vault maps used:
D:1:      saegor_arrival_fortress
D:2:      nicolae_overflow_hidden_temple, cheibriados_altar_1, uniq_iyjb
D:3:      xom_butterflies, lemuel_round_altar
D:4:      minmay_temple_entry_mist, first_bread
D:5:      lemuel_ice_spiral_2, kennysheep_little_box
D:6:      gammafunk_temple_overflow_elements, uniq_menkaure
D:7:      lemuel_crystal_altar, uniq_joseph
D:9:      david_orc_2, serial_shops, shop_coins, uniq_pikel
D:10:     amethyst_killhole
D:11:     due_lair_maze_entry_diamond, serial_shops, shop
Temple:   circular_temple_12
Lair:1:   lemuel_fruit_tree, grunt_megastairs_2, uniq_nergalle
Lair:3:   spider_nest_entry_funnel_web, serial_bayou, serial_bayou_pond_a,
          serial_bayou_lagoon_a, serial_bayou_pond_a, serial_bayou_pond_a
Lair:4:   lemuel_fruit_fields, infiniplex_staircase_pool, lemuel_fruit_fields
Lair:5:   minmay_shoals_entry_hut, uniq_snorg, uniq_nessos
Lair:6:   beast_lair_carwin_6
Lair:7:   infiniplex_staircase_pool_2
Lair:8:   evil_forest, slime_dummy, basic_altar
Orc:1:    serial_shops, shop_statue, shop
Orc:3:    nicolae_orc_pool_cavern, uniq_rupert
Orc:4:    grunt_orc_community_town_hall, grunt_orc_community_big_house_1,
          grunt_orc_community_big_house_2, grunt_orc_community_house_3,
          grunt_orc_community_house_3, grunt_orc_community_house_2,
          grunt_orc_community_house_1, grunt_orc_community_house_1

Action                   |  1- 3 |  4- 6 |  7- 9 | 10-12 | 13-15 || total
-------------------------+-------+-------+-------+-------+-------++-------
Melee: Flail             |    65 |   171 |   441 |   643 |       ||  1320
       Eveningstar       |       |       |       |   391 |  1093 ||  1484
Throw: Stone             |    15 |    38 |     9 |    33 |     2 ||    97
Invok: Heroism           |       |       |       |     4 |       ||     4
  Use: Scroll            |       |       |    13 |    18 |     8 ||    39
       Potion            |       |       |       |     1 |     4 ||     5
 Stab: Invisible         |       |       |       |       |     1 ||     1
  Eat: Chunk             |     2 |     5 |    10 |    22 |    11 ||    50
       Bread ration      |       |     1 |     2 |     1 |     4 ||     8
       Royal jelly       |       |       |       |     1 |       ||     1
       Fruit             |       |       |       |       |     1 ||     1
